 Dungeon Crawl Stone Soup version 0.25-a0-294-gea9b1ad378 (webtiles) character file.

Game seed: 16540020956096970771, levelgen mode: classic

655 Borgoz the Cudgeler (level 7, -1/41 HPs)
             Began as a Gargoyle Berserker on Dec 19, 2019.
             Was a Priest of Trog.
             Slain by a gnoll
             ... wielding a +0 whip
              (7 damage)
             ... on level 4 of the Dungeon.
             The game lasted 00:07:01 (4369 turns).

Borgoz the Cudgeler (Gargoyle Berserker)            Turns: 4369, Time: 00:07:03

Health: -1/41      AC: 15    Str: 21    XL:     7   Next: 54%
Magic:  7/7        EV: 11    Int:  7    God:    Trog [***...]
Gold:   158        SH:  0    Dex: 11    Spells: 6/6 levels left

rFire    + . .     SeeInvis .   a - +1 mace
rCold    . . .     Gourm    .   (no shield)
rNeg     + . .     Faith    .   q - +1 scale mail {rF+}
rPois    ∞         Spirit   .   (no helmet)
rElec    +         Reflect  .   d - +0 cloak
rCorr    .         Harm     +   (no gloves)
MR       ++...                  j - +0 pair of boots
Stlth    ..........             f - amulet of harm
HPRegen  1.13/turn              (no ring)
MPRegen  0.10/turn              (no ring)

@: berserk cooldown, regenerating, glowing
A: negative energy resistance 1, electricity resistance, unbreathing,
petrification resistance, rot immunity, AC +4
a: Berserk, Trog's Hand, Renounce Religion


You were on level 4 of the Dungeon.
You worshipped Trog.
Trog was most pleased with you.
You were hungry.

You visited 1 branch of the dungeon, and saw 4 of its levels.

You collected 158 gold pieces.

Inventory:

Hand Weapons
 a - a +1 mace (weapon)
Missiles
 b - a throwing net (quivered)
Armour
 d - a +0 cloak (worn)
 j - a +0 pair of boots (worn)
 m - a +2 scale mail of cold resistance
 q - a +1 scale mail of fire resistance (worn)
Jewellery
 f - an amulet of harm (around neck)
 l - a +3 amulet of reflection
 p - an uncursed ring of fire
Wands
 r - a wand of digging (6)
Scrolls
 e - a scroll of blinking
 g - 2 scrolls of identify
Potions
 h - a potion of berserk rage
Comestibles
 c - 6 rations


   Skills:
 - Level 3.3 Fighting
 + Level 5.4 Maces & Flails
 + Level 5.4 Armour
 + Level 4.1 Dodging


You had 6 spell levels left.
You didn't know any spells.
Your spell library was empty.

Dungeon Overview and Level Annotations

Branches:
Dungeon (4/15)
 Temple: D:4-7

Altars:
Cheibriados
Nemelex Xobeh
Okawaru
Qazlal
Sif Muna
Trog


Innate Abilities, Weirdness & Mutations

You are resistant to torment.
Your stone body is resilient. (AC +4)
You are immune to poison.
You resist negative energy. (rN+)
You are resistant to electric shocks. (rElec)
You can survive without breathing.
You are immune to petrification.
You are immune to rotting.


Message History

You feel resistant to hostile enchantments.
You feel quite a bit more hungry. The gnoll misses you.
The gnoll hits you but does no damage. x2; The gnoll hits you with a +0 whip.
* * * LOW HITPOINT WARNING * * *
Unknown command.
You closely miss the gnoll. The gnoll hits you but does no damage.
The gnoll closely misses you. The gnoll hits you with a +0 whip.
* * * LOW HITPOINT WARNING * * *
The gnoll barely misses you. The gnoll hits you but does no damage.
You hit the gnoll.
The gnoll is lightly wounded.
The gnoll misses you.
The gnoll hits you but does no damage. x3
You hit the gnoll.
The gnoll is moderately wounded.
You feel yourself speed up.
You feel the effects of Trog's Hand fading.
The gnoll hits you from afar with a +0 halberd!
* * * LOW HITPOINT WARNING * * *
The gnoll hits you with a +0 whip.
You die...

#...#...# #### #
#.⌠.#.⌠.# #.#. #.
#...#...# ##...
##. ##.###.##
###....
#...#...#...###
#......
#.⌠...⌠.).⌠†.g#
##...##.
#...#...#..)#g#
###.....#. ###
##.######g#
#......... #...
#@#######........#
...⌠..
#....(.#>....##..#
..#...#.
#####....##.......
##########
#..##.##.#..#..
#.....#..#.##..
#..#.......#...
#####....#....#
###.###.#...
##.......##..


You could see 3 gnolls.

Vanquished Creatures
  Sigmund (D:2)
  2 orc priests (D:2)
  2 gnoll shamans (D:4)
  3 iguanas (D:4)
  Jessica (D:2)
  Natasha (thrice) (D:1)
  An orc wizard (D:4)
  6 gnolls (D:4)
  A howler monkey skeleton (D:4)
  4 adders
  A worm (D:2)
  2 dart slugs
  A leopard gecko (D:2)
  12 orcs
  4 giant cockroaches
  8 hobgoblins
  7 jackals
  5 kobolds
  2 quokkas
  A ball python (D:1)
  5 bats
  2 frilled lizards (D:2)
  4 goblins
  A jackal skeleton (D:4)
  6 rats
85 creatures vanquished.

Notes
Turn   | Place    | Note
-------+----------+-------------------------------------------
     0 | D:1      | Borgoz the Gargoyle Berserker began the quest for the Orb.
     0 | D:1      | Reached XP level 1. HP: 14/14 MP: 1/1
    48 | D:1      | Reached XP level 2. HP: 6/19 MP: 2/2
   909 | D:2      | Noticed Natasha
   909 | D:2      | Noticed Sigmund
   920 | D:1      | Killed Natasha
   920 | D:1      | Reached XP level 3. HP: 6/23 MP: 3/3
   922 | D:1      | Reached ** piety under Trog
  1317 | D:2      | Found a bloodstained altar of Trog.
  1366 | D:2      | Reached XP level 4. HP: 27/28 MP: 4/4
  1404 | D:2      | Found a sparkling altar of Nemelex Xobeh.
  1694 | D:1      | Noticed Natasha
  1703 | D:1      | Killed Natasha
  2003 | D:1      | Noticed Natasha
  2017 | D:1      | Killed Natasha
  2240 | D:2      | Reached XP level 5. HP: 32/32 MP: 5/5
  2270 | D:2      | Killed Sigmund
  2270 | D:2      | Reached XP level 6. HP: 37/37 MP: 6/6
  2521 | D:2      | Noticed Jessica
  2531 | D:2      | Killed Jessica
  3203 | D:3      | Found a shimmering blue altar of Sif Muna.
  3709 | D:4      | Reached skill level 5 in Maces & Flails
  3709 | D:4      | Reached XP level 7. HP: 24/41 MP: 7/7
  3902 | D:4      | Found a snail-covered altar of Cheibriados.
  3935 | D:4      | Reached skill level 5 in Armour
  4001 | D:4      | Reached *** piety under Trog
  4045 | D:4      | Found an iron altar of Okawaru.
  4197 | D:4      | Found a stormy altar of Qazlal.
  4369 | D:4      | Slain by a gnoll

Levels and vault maps discovered:
D:1:      dpeg_arrival_arbitrary_b, layout_loops_ring
D:2:      cheibrodos_pilgrimage, layout_rooms, nemelex_altar_shiori,
          trog_three_pillars_becter, uniq_jessica, uniq_natasha, uniq_sigmund
D:3:      layout_basic, lemuel_blue_sif_altar
D:4:      layout_cave_pools, kennysheep_slug_shrine,
          nicolae_overflow_hidden_temple, grunt_qazlal_sundering,
          minmay_temple_entry_nine_rooms, first_ration,
          okawaru_ov_weapons_minmay

Skill      XL: |  1  2  3  4  5  6  7 |
---------------+----------------------+-----
Dodging        | 2 3 4 |  4.1
Armour         | 3 4 5 |  5.4
Maces & Flails | 4 5 |  5.4
Fighting       | |  3.3

Action                   |  1- 3 |  4- 6 |  7- 9 || total
-------------------------+-------+-------+-------++-------
Melee: Mace              |    66 |   143 |    86 ||   295
Invok: Berserk           |     2 |     5 |     1 ||     8
       Trog's Hand       |       |     1 |     1 ||     2
  Use: Scroll            |       |     9 |       ||     9
       Potion            |       |     1 |       ||     1
 Stab: Distracted        |       |     1 |       ||     1
  Eat: Chunk             |     2 |     9 |     4 ||    15
       Ration            |       |     1 |       ||     1
Armor: Animal skin       |    29 |    30 |       ||    59
       Scale mail        |       |    41 |    94 ||   135
Dodge: Dodged            |    52 |   135 |   103 ||   290
Block: Other             |       |     6 |       ||     6

Table legend:
 A = Non-vault XP
 B = Vault XP
 C = Vault XP percentage of total XP
 D = Non-vault monster count
 E = Vault monster count
 F = Vault count percentage of total count
                 A         B        C        D         E       F
            +---------+---------+-------+---------+---------+-------
      Total |     558 |     378 |  40.4 |      76 |       9 |  10.6
            +---------+---------+-------+---------+---------+-------
        D:1 |     113 |      36 |  24.2 |      21 |       1 |   4.5
        D:2 |      44 |     338 |  88.5 |      16 |       7 |  30.4
        D:3 |      15 |       0 |   0.0 |       9 |       0 |   0.0
        D:4 |     386 |       4 |   1.0 |      30 |       1 |   3.2
            +---------+---------+-------+---------+---------+-------
